 Dungeon Crawl Stone Soup version 0.28-a0-793-g31680bbd8b (webtiles) character file.

Game seed: 327441881047126816

451 willcat the Sneak (level 7, -1/85 HPs)
             Began as a Hill Orc Delver on Nov 2, 2021.
             Slain by an iguana (6 damage)
             ... on level 5 of the Dungeon on Nov 3, 2021.
             The game lasted 00:04:21 (1636 turns).

willcat the Sneak (Hill Orc Delver)                 Turns: 1636, Time: 00:04:21

Health: -1/85      AC: 23    Str: 17    XL:     7   Next: 4%
Magic:  7/7        EV:  2    Int: 10    God:
Gold:   85         SH:  0    Dex: 12    Spells: 6/6 levels left

rFire   . . .      SeeInvis .   a - +1 spear
rCold   . . .      Faith    .   (no shield)
rNeg    . . .      Spirit   .   (armour currently unavailable)
rPois   +          Reflect  .   (helmet currently unavailable)
rElec   .          Harm     .   (cloak currently unavailable)
rCorr   .          Rampage  .   (gloves currently unavailable)
Will    .....      NoTele   +   (boots currently unavailable)
Stlth   +++.......              (no amulet)
HPRegen 0.24/turn               (no ring)
MPRegen 0.10/turn               (no ring)

@: tree-form
A: stationary, stasis, torment immunity, boosted hp
a: no special abilities


You were on level 5 of the Dungeon.
You were a tree.
You visited 1 branch of the dungeon, and saw 3 of its levels.

You collected 85 gold pieces.

Inventory:

Hand Weapons
 a - a +1 spear (weapon)
Armour
 e - a +0 scale mail (melded)
 h - a +1 pair of boots (melded)
Magical Staves
 i - a staff of cold
Wands
 g - a wand of digging (1)
Scrolls
 c - a scroll of fog
 d - a scroll of magic mapping
 f - a scroll of noise


   Skills:
 - Level 3.6 Fighting
 + Level 4.9 Polearms
 + Level 4.2 Armour
 - Level 1.5 Dodging
 + Level 5.5 Stealth


You had 6 spell levels left.
You didn't know any spells.
Your spell library contained the following spells:

 Spells                   Type           Power      Damage    Failure   Level
 Sandblast                Erth           0%         2d4       36%         1
 Passwall                 Tmut/Erth      0%         N/A       50%         2
 Stone Arrow              Conj/Erth      0%         3d7       75%         3


Dungeon Overview and Level Annotations

Branches:
Dungeon (6/15)             Temple (0/1) D:4

Altars:
Elyvilon
Kikubaaqudgha
Wu Jian

Annotations:
D:5 Pikel
D:6 Grinder


Message History

Your Armour skill increases to level 4!
You have reached level 7!
You hit the gnoll.
The gnoll is lightly wounded.
You feel sick. The gnoll hits you but does no damage.
You hit the gnoll.
The gnoll is heavily wounded.
The gnoll hits you but does no damage.
You hit the gnoll.
The gnoll is heavily wounded.
You feel sick. The gnoll hits you but does no damage.
Unknown command.
You hit the gnoll.
The gnoll is almost dead.
You feel sick.
Unknown command.
You hit the gnoll.
The gnoll is almost dead.
You feel sick.
You are no longer poisoned.
The gnoll hits you but does no damage.
Unknown command.
You hit the gnoll.
You kill the gnoll!
Unknown command.
Okay, then.
You are too injured to fight recklessly!
Reach: a) +1 spear
Press: ? - help, Dir - move target, f - iguana
Aim: an iguana (about 32% to evade your +1 spear)
You reach to attack!
You hit the iguana but do no damage. You hit the iguana but do no damage.
The iguana bites you but does no damage.
You hit the iguana.
The iguana is moderately wounded.
The iguana bites you but does no damage.
You barely miss the iguana.
The iguana is moderately wounded.
The iguana bites you.
You die...

###......##.........### #...
###.#_.........>#. ## ..#
####.........### #.. #.#
###8...8...8###
.##.###Z##########8###8#####
?......5S55...# ### ######(
####.#.#K##### .....
#..Z##l## #....
.....#$..##♣# #..## ..# ####
###.###.# .. ..# .###Z..##.#
..## #....##..##.. # ..l##
####..##.###.#### # ....#
##.##......... # ....#
##..≈#....#### # ....#
##......#...... #
....#######..............
######


You could see Pikel, a water moccasin, 2 lemures, an iguana and a water moccasin
skeleton.

Vanquished Creatures
  A water moccasin (D:5)
  An ogre (D:6)
  A water moccasin skeleton (D:6)
  An electric eel (D:6)
  A centaur zombie (D:6)
  A hound (D:6)
  A bullfrog skeleton (D:4)
  An iguana (D:4)
  A howler monkey zombie (D:6)
  2 gnolls
  3 adders
  An endoplasm (D:4)
  A goblin (D:4)
  A ball python (D:4)
17 creatures vanquished.

Notes
Turn   | Place    | Note
-------+----------+-------------------------------------------
     0 | D:5      | willcat the Hill Orc Delver began the quest for the Orb.
     0 | D:5      | Reached XP level 1. HP: 19/19 MP: 1/1
     2 | D:5      | Found an ornate altar of the Wu Jian Council.
    21 | D:5      | Noticed an iguana
    50 | D:6      | Noticed an electric eel
   130 | D:6      | Noticed an ogre
   171 | D:6      | Killed an ogre
   172 | D:6      | Reached XP level 2. HP: 26/26 MP: 2/2
   172 | D:6      | Reached XP level 3. HP: 31/31 MP: 3/3
   172 | D:6      | Reached XP level 4. HP: 39/39 MP: 4/4
   247 | D:6      | Noticed an ogre
   370 | D:6      | Reached XP level 5. HP: 30/45 MP: 5/5
   784 | D:6      | Reached skill level 5 in Stealth
   845 | D:6      | Reached XP level 6. HP: 37/51 MP: 6/6
   935 | D:6      | Noticed a necrophage
   941 | D:6      | Noticed Grinder
  1009 | D:5      | Upgraded the game from 0.28-a0-779-g3d1f99b579 to
                  | 0.28-a0-793-g31680bbd8b
  1025 | D:5      | Found a white marble altar of Elyvilon.
  1026 | D:5      | Found an ancient bone altar of Kikubaaqudgha.
  1186 | D:5      | Noticed a water moccasin
  1187 | D:5      | Noticed Pikel
  1188 | D:5      | Noticed a water moccasin
  1472 | D:4      | Found a staircase to the Ecumenical Temple.
  1626 | D:5      | Killed a water moccasin
  1627 | D:5      | Reached XP level 7. HP: 7/57 MP: 7/7
  1630 | D:5      | HP: 4/85 [poisoned by a water moccasin]
  1636 | D:5      | Slain by an iguana

Illustrated notes

Levels and vault maps discovered:
D:4:      kennysheep_spiral_hall, layout_basic,
          minmay_temple_entry_enclosed_plants, serial_bayou_pond_e,
          uniq_blork_the_orc
D:5:      layout_rooms, nicolae_overflow_hidden_temple,
          gammafunk_temple_overflow_statue, chequers_serial_rivers_micro_c,
          uniq_pikel
D:6:      layout_basic, slow_altar_2, chequers_serial_rivers_micro_b,
          minivault_14, minmay_misc_feat_pillars, grunt_ministairs_5,
          uniq_grinder

Skill      XL: |  1  2  3  4  5  6 |
---------------+-------------------+-----
Polearms       | 3 4 |  4.9
Armour         | 2 3 4 |  4.2
Stealth        | 5 |  5.5
Fighting       | |  3.6
Dodging        | |  1.5

Action                   |  1- 3 |  4- 6 |  7- 9 || total
-------------------------+-------+-------+-------++-------
Melee: Spear             |    12 |   140 |    10 ||   162
Evoke: Wand              |       |     2 |       ||     2
  Use: Scroll            |     1 |     4 |       ||     5
       Potion            |     1 |     1 |       ||     2
 Stab: Sleeping          |       |     2 |       ||     2
Armor: Ring mail         |       |    55 |       ||    55
       Scale mail        |       |    12 |       ||    12
       Skin              |       |    11 |     6 ||    17
Dodge: Dodged            |       |    63 |       ||    63

Table legend: (Time is in decaauts)
 A = Elapsed time spent in this place.
 B = Non-inter-level travel time spent in this place.
 C = Inter-level travel time spent in this place.
 D = Time resting spent in this place.
 E = Time spent auto-exploring this place.
 F = Levels seen in this place.
 G = Mean time per level.
                   A        B        C        D        E       F      G
               +--------+--------+--------+--------+--------+-----+--------+
         Total |   1604 |   1604 |      0 |    430 |    616 |   3 |  534.7 |
       Dungeon |   1604 |   1604 |      0 |    430 |    616 |   3 |  534.7 |
               +--------+--------+--------+--------+--------+-----+--------+

Top non-repeatable levels by time:
     D:6: 877 daAuts
     D:4: 419 daAuts
     D:5: 307 daAuts
